 Dungeon Crawl Stone Soup version 0.25-a0-474-ga8a2ee3 (webtiles) character file.

Game seed: 4226843079403213022, levelgen mode: deterministic

18007 Calixtus the Carver (level 12, 0/94 HPs)
             Began as a Demonspawn Fighter on Feb 8, 2020.
             Was an Elder of Makhleb.
             Slain by a polar bear (6 damage)
             ... on level 5 of the Lair of Beasts.
             The game lasted 00:40:59 (16355 turns).

Calixtus the Carver (Demonspawn Fighter)           Turns: 16355, Time: 00:41:00

Health: 0/94       AC: 21    Str: 21    XL:     12   Next: 23%
Magic:  19/19      EV:  9    Int: 13    God:    Makhleb [****..]
Gold:   650        SH: 11    Dex: 13    Spells: 11/11 levels left

rFire    . . .     SeeInvis +   a - +1 long sword
rCold    + . .     Gourm    +   c - +0 shield
rNeg     . . .     Faith    .   y - +2 chain mail {rPois}
rPois    +         Spirit   .   (helmet restricted)
rElec    .         Reflect  .   (no cloak)
rCorr    .         Harm     .   o - +1 pair of gloves
MR       .....                  A - +1 pair of boots {run}
Stlth    ..........             u - amulet of the gourmand
HPRegen  0.25/turn              J - ring of see invisible
MPRegen  0.16/turn              D - ring of the Octopus King {rC+ AC+1 EV+1 Str+1 Int+1 Dex+1}

@: quick
A: horns 2, molten scales 1, demonic guardian 2, powered by death 2
a: Minor Destruction, Lesser Servant of Makhleb, Major Destruction, Renounce
Religion


You were on level 5 of the Lair of Beasts.
You worshipped Makhleb.
Makhleb was greatly pleased with you.
You were full.

You visited 3 branches of the dungeon, and saw 16 of its levels.

You collected 1161 gold pieces.
You spent 511 gold pieces at shops.

Inventory:

Hand Weapons
 a - a +1 long sword (weapon)
Armour
 c - a +0 shield (worn)
 o - a +1 pair of gloves (worn)
 y - a +2 chain mail of poison resistance (worn)
 A - a +1 pair of boots of running (worn)
Jewellery
 b - an uncursed ring of flight
 u - an amulet of the gourmand (around neck)
 D - a ring of the Octopus King (right hand) {rC+ AC+1 EV+1 Str+1 Int+1 Dex+1}
   (You found it on level 10 of the Dungeon)

   [ring of protection from cold]

   It affects your AC (+1).
   It affects your evasion (+1).
   It affects your strength (+1).
   It affects your intelligence (+1).
   It affects your dexterity (+1).
   It protects you from cold.
 J - a ring of see invisible (left hand)
Wands
 h - a wand of enslavement (8)
 m - a wand of acid (5)
 q - a wand of disintegration (14)
 s - a wand of random effects (21)
 x - a wand of flame (40)
 E - a wand of digging (6)
 F - a wand of paralysis (7)
 H - a wand of iceblast (8)
Scrolls
 e - 5 scrolls of identify
 g - 4 scrolls of teleportation
 j - 3 scrolls of fog
 k - 3 scrolls of enchant armour
 l - 5 scrolls of remove curse
 v - 3 scrolls of enchant weapon
 C - 2 scrolls of amnesia
Potions
 d - a potion of might
 i - 10 potions of curing
 n - a potion of resistance {unknown}
 p - 2 potions of brilliance
 r - a potion of flight
 t - a potion of haste
 w - a potion of mutation {unknown}
 z - 2 potions of agility {unknown}
 B - 2 potions of heal wounds
 G - a potion of berserk rage {unknown}
 I - a potion of cancellation {unknown}
Comestibles
 f - 31 rations


   Skills:
 + Level 8.5 Fighting
 + Level 10.6 Long Blades
 + Level 9.2 Armour
 - Level 2.2 Dodging
 + Level 8.3 Shields
 * Level 9.4 Invocations
 + Level 1.1 Evocations


You had 11 spell levels left.
You didn't know any spells.
Your spell library contained the following spells:

 Spells                   Type           Power        Failure   Level  Hunger
 Animate Skeleton         Necr           N/A          99%         1    ##.....
 Foxfire                  Conj/Fire      #...         99%         1    ##.....
 Magic Dart               Conj           #...         99%         1    ##.....
 Pain                     Necr           #...         99%         1    ##.....
 Sting                    Tmut/Pois      #...         99%         1    ##.....
 Blink                    Tloc           N/A          100%        2    ###....
 Poisonous Vapours        Pois/Air       #.....       100%        2    ###....
 Searing Ray              Conj           #.....       100%        2    ###....
 Shroud of Golubria       Chrm/Tloc      #.....       100%        2    ###....
 Conjure Flame            Conj/Fire      #.......     100%        3    ####...
 Dazzling Flash           Conj/Hex       #.....       100%        3    ####...
 Gell's Gravitas          Tloc           #.........   100%        3    ####...
 Ignite Poison            Fire/Tmut/Pois #.......     100%        3    ####...
 Inner Flame              Hex/Fire       #.......     100%        3    ####...
 Lesser Beckoning         Tloc           #.........   100%        3    ####...
 Mephitic Cloud           Conj/Pois/Air  #.......     100%        3    ####...
 Summon Guardian Golem    Hex/Summ       #.......     100%        3    ####...
 Teleport Other           Tloc           #.......     100%        3    ####...
 Vampiric Draining        Necr           #.........   100%        3    ####...
 Animate Dead             Necr           N/A          100%        4    #####..
 Fulminant Prism          Conj/Hex       #.........   100%        4    #####..
 Iskenderun's Mystic Bla  Conj/Tloc      #.......     100%        4    #####..
 Olgreb's Toxic Radiance  Pois           #.......     100%        4    #####..
 Passage of Golubria      Tloc           N/A          100%        4    #####..
 Sticky Flame             Conj/Fire      #.......     100%        4    #####..
 Agony                    Necr           #.......     100%        5    ######.
 Alistair's Intoxication  Tmut/Pois      #.......     100%        5    ######.
 Fireball                 Conj/Fire      #.........   100%        5    ######.
 Summon Forest            Summ/Tloc      #.........   100%        5    ######.
 Spellforged Servitor     Conj/Summ      #.........   100%        7    #######


Dungeon Overview and Level Annotations

Branches:
Dungeon (10/15)            Temple (1/1) D:7            Lair (5/6) D:8
 Shoals (0/4) Lair:2       Spider (0/4) Lair:4
  Slime: Lair:5-6       Orc: D:9-12

Altars:
Ashenzari
Cheibriados
Dithmenos
Elyvilon
Fedhas
Gozag
Hepliaklqana
Kikubaaqudgha
Makhleb
Nemelex Xobeh
Okawaru
Qazlal
Ru
Sif Muna
Trog
Uskayaw
Vehumet
Wu Jian
Xom
Yredelemnul
Zin
The Shining One

Shops:
D:9 [


Innate Abilities, Weirdness & Mutations

You have a pair of horns on your head.
You are partially covered in molten scales. (AC +2)
A demonic guardian rushes to your aid.
You regenerate health from kills.


Message History

The blink frog gives a loud, deep croak!
You block the polar bear's attack. The polar bear closely misses you.
The polar bear claws you but does no damage.
A blink frog comes into view.
You hit the polar bear.
The polar bear is almost dead.
You block the polar bear's attack.
The polar bear claws you but does no damage.
The polar bear claws you.
* * * LOW HITPOINT WARNING * * *
A blink frog comes into view. x2
You block the polar bear's attack. x2
The polar bear claws you but does no damage.
You hear a croak.
Your ice devil barely misses the polar bear.
You hear an angry growl.
The blink frog blinks!
The polar bear bites you!!
* * * LOW HITPOINT WARNING * * *
The polar bear closely misses you. The polar bear claws you.
You die...

###....###
####.PP...P###
..........P#.### .
.............#.# F.
..#...........##.F.
.....##.P.....F....
.##..#..##4<.......
.#...#..#P...P#..P
#......@#.........
#.......h§......#.
..................
..................
...........P....#.
...........######
.P..>......#
P.........##
.#....#.##


You could see a polar bear (berserk).

Vanquished Creatures
  An ugly thing (D:8)
  2 black mambas
  2 spiny frogs
  5 komodo dragons
  A rime drake (Lair:2)
  A troll (D:10)
  A hippogriff (Lair:3)
  A dream sheep (Lair:4)
  8 yaks
  A hungry ghost (D:8)
  10 water moccasins
  An orc warrior (D:9)
  3 porcupines
  A sky beast (D:9)
  2 ice beasts
  A black bear (D:10)
  4 ogres
  3 wolves (Lair:2)
  2 centaurs
  4 crocodiles
  3 big kobolds
  4 bullfrogs
  3 scorpions
  4 killer bees (D:9)
  A howler monkey (D:4)
  An electric eel (D:9)
  4 crimson imps
  A quasit (D:9)
  3 centaur zombies
  4 hounds
  2 jellies
  4 orc priests
  2 centaur skeletons
  2 iguanas (D:7)
  3 orc wizards
  2 worker ants
  A hell rat (Lair:4)
  A worker ant zombie (D:7)
  16 adders
  2 shadow imps
  An adder skeleton (D:9)
  2 worms
  A dart slug (D:4)
  2 leopard geckos
  20 orcs
  2 ball pythons
  5 giant cockroaches
  9 goblins
  7 hobgoblins
  7 jackals
  2 quokkas
  8 bats
  3 frilled lizards
  24 kobolds
  A leopard gecko skeleton (D:4)
  2 rats
  A plant (Lair:4)
214 creatures vanquished.

Vanquished Creatures (collateral kills)
  Nessos (Lair:4)
  4 hydras
  A centaur warrior (D:9)
  The ghost of Zonian the Ruffian, a novice DrTm of Hepliaklqana (D:8)
  4 oklob plants (Lair:4)
  5 elephants (Lair:3)
  3 spiny frogs
  A queen bee (D:9)
  The ghost of relicbr the Cleaver, an amateur HOFi of Okawaru (D:4)
  A troll (D:10)
  A blink frog (Lair:4)
  Grinder (D:4)
  5 dream sheep (Lair:4)
  Prince Ribbit (D:7)
  A hornet (D:7)
  A hippogriff (Lair:4)
  Sigmund (D:4)
  2 redbacks (Lair:4)
  12 yaks
  A basilisk (Lair:2)
  3 water moccasins
  A porcupine (Lair:4)
  Duvessa (D:4)
  3 orc warriors (D:7)
  An ice beast (D:5)
  2 ogres
  A centaur (D:5)
  4 wolves (Lair:2)
  A crocodile (Lair:4)
  Blork the orc (D:6)
  2 big kobolds
  3 bullfrogs
  Dowan (D:4)
  5 killer bees (D:9)
  A bullfrog zombie (D:4)
  A hound (D:5)
  2 orc priests
  4 orc wizards
  A worker ant (D:4)
  A hound skeleton (D:4)
  2 adders (D:9)
  A leopard gecko (D:7)
  8 orcs
  2 jackals
  A kobold (D:9)
  A quokka (D:8)
  A fungus (Lair:4)
  2 plants (Lair:4)
105 creatures vanquished.

Vanquished Creatures (others)
  4 plants
  4 toadstools (D:9)
8 creatures vanquished.

Grand Total: 327 creatures vanquished

Notes
Turn   | Place    | Note
-------+----------+-------------------------------------------
     0 | D:1      | Calixtus the Demonspawn Fighter began the quest for the
                  | Orb.
     0 | D:1      | Reached XP level 1. HP: 18/18 MP: 1/1
   145 | D:1      | Reached skill level 2 in Long Blades
   145 | D:1      | Gained mutation: A weak demonic guardian rushes to your
                  | aid. [demonic ancestry]
   145 | D:1      | Reached XP level 2. HP: 16/24 MP: 2/2
   859 | D:2      | Gained mutation: You have a pair of small horns on your
                  | head. [demonic ancestry]
   859 | D:2      | Reached XP level 3. HP: 29/29 MP: 3/3
  1693 | D:3      | Gained mutation: A demonic guardian rushes to your aid.
                  | [demonic ancestry]
  1693 | D:3      | Reached XP level 4. HP: 28/35 MP: 4/4
  2889 | D:4      | Reached skill level 3 in Long Blades
  2889 | D:4      | Reached XP level 5. HP: 20/41 MP: 5/5
  3109 | D:4      | Reached skill level 1 in Dodging
  3117 | D:4      | Noticed Duvessa
  3123 | D:4      | Killed Duvessa
  3123 | D:4      | Reached XP level 6. HP: 43/48 MP: 6/6
  3123 | D:4      | Noticed Dowan
  3128 | D:4      | Killed Dowan
  3232 | D:4      | Noticed Sigmund
  3238 | D:4      | Killed Sigmund
  3238 | D:4      | Reached skill level 4 in Long Blades
  3408 | D:4      | Noticed Grinder
  3415 | D:4      | Killed Grinder
  3415 | D:4      | Gained mutation: You have a pair of horns on your head.
                  | [demonic ancestry]
  3415 | D:4      | Reached XP level 7. HP: 38/54 MP: 7/7
  3741 | D:4      | Found a runed translucent gate.
  3741 | D:4      | Found a runed translucent gate.
  3741 | D:4      | Found a runed translucent gate.
  3922 | D:4      | Noticed relicbr's ghost (amateur HOFi)
  4195 | D:4      | Killed relicbr's ghost
  4387 | D:5      | Entered Level 5 of the Dungeon
  4798 | D:5      | Reached skill level 5 in Long Blades
  4984 | D:5      | Reached skill level 5 in Armour
  5262 | D:5      | Reached XP level 8. HP: 61/61 MP: 8/8
  5789 | D:6      | Noticed Blork the orc
  5799 | D:6      | Killed Blork the orc
  5871 | D:6      | Found a shimmering blue altar of Sif Muna.
  6028 | D:6      | Reached skill level 5 in Fighting
  6042 | D:6      | Reached skill level 6 in Long Blades
  6571 | D:7      | Noticed a hornet
  6574 | D:7      | Killed a hornet
  6867 | D:7      | Noticed Prince Ribbit
  6900 | D:7      | Reached skill level 5 in Shields
  7156 | D:7      | Gained mutation: You are partially covered in molten
                  | scales. (AC +2) [demonic ancestry]
  7156 | D:7      | Reached XP level 9. HP: 42/68 MP: 9/9
  7293 | D:7      | Killed Prince Ribbit
  7294 | D:7      | Found a staircase to the Ecumenical Temple.
  7306 | Temple   | Entered the Ecumenical Temple
  7414 | Temple   | Became a worshipper of Makhleb the Destroyer
  8402 | D:8      | Reached skill level 7 in Long Blades
  8478 | D:8      | Reached * piety under Makhleb
  8478 | D:8      | Reached skill level 1 in Invocations
  8990 | D:8      | Found a runed translucent gate.
  8991 | D:8      | Found a runed translucent gate.
  8991 | D:8      | Found an opulent altar of Gozag.
  8991 | D:8      | Noticed a cyan ugly thing
  8992 | D:8      | Noticed Zonian's ghost (novice DrTm)
  8993 | D:8      | Found a runed translucent gate.
  9072 | D:8      | Found a sacrificial altar of Ru.
  9129 | D:8      | Killed a cyan ugly thing
  9134 | D:8      | Killed Zonian's ghost
  9582 | D:8      | Found a staircase to the Lair.
  9620 | D:8      | Reached skill level 8 in Long Blades
  9620 | D:8      | Reached XP level 10. HP: 70/76 MP: 11/13
  9781 | D:9      | Reached ** piety under Makhleb
  9892 | D:9      | Noticed a centaur warrior
  9907 | D:9      | Killed a centaur warrior
 10234 | D:9      | Found Erchik's Armour Shoppe.
 10240 | D:9      | Bought a +1 pair of boots of running for 511 gold pieces
 10697 | D:9      | Reached skill level 5 in Invocations
 11037 | D:10     | Entered Level 10 of the Dungeon
 11055 | D:10     | Found the ring of the Octopus King
 11062 | D:10     | Got a ring of the Octopus King
 11086 | D:10     | Identified a ring of the Octopus King {rC+ AC+1 EV+1 Str+1
                  | Int+1 Dex+1} (You found it on level 10 of the Dungeon)
 11266 | D:10     | Reached skill level 9 in Long Blades
 11531 | D:10     | Found a glowing golden altar of the Shining One.
 11536 | D:10     | Reached *** piety under Makhleb
 11826 | Lair:1   | Entered Level 1 of the Lair of Beasts
 11925 | Lair:1   | Noticed a spiny frog
 11925 | Lair:1   | Noticed a spiny frog
 11929 | Lair:1   | Killed a spiny frog
 11933 | Lair:1   | Killed a spiny frog
 12094 | Lair:1   | Noticed a five-headed hydra
 12114 | Lair:1   | Noticed a five-headed hydra
 12130 | Lair:1   | Killed a five-headed hydra
 12130 | Lair:1   | Gained mutation: You regenerate a little health from kills.
                  | [demonic ancestry]
 12130 | Lair:1   | Reached XP level 11. HP: 52/84 MP: 14/16
 12176 | Lair:1   | Killed a five-headed hydra
 12998 | Lair:2   | Reached skill level 1 in Evocations
 13228 | Lair:2   | Noticed a five-headed hydra
 13254 | Lair:2   | Killed a five-headed hydra
 13386 | Lair:2   | Found a staircase to the Shoals.
 14470 | Lair:3   | Reached skill level 10 in Long Blades
 14636 | Lair:3   | Reached **** piety under Makhleb
 15001 | Lair:4   | Noticed Nessos
 15022 | Lair:4   | Found a hole to the Spider Nest.
 15045 | Lair:4   | Killed Nessos
 15067 | Lair:4   | Gained mutation: You regenerate health from kills. [demonic
                  | ancestry]
 15067 | Lair:4   | Reached XP level 12. HP: 83/94 MP: 18/18
 15841 | Lair:4   | Identified the Almanac of Companions and Poisoning
 16160 | Lair:5   | Noticed an eight-headed hydra
 16320 | Lair:4   | Killed an eight-headed hydra
 16350 | Lair:5   | HP: 1/94 [polar bear (22)]
 16355 | Lair:5   | Slain by a polar bear

Levels and vault maps discovered:
D:1:      evilmike_arrival_crescent, layout_rooms
D:2:      layout_loops_corners
D:3:      layout_loops_ring, first_ration
D:4:      layout_cave_pods, gammafunk_ghost_necromancy, corexii_corridor_pit,
          uniq_grinder, uniq_duvessa, uniq_sigmund
D:5:      layout_gridville
D:6:      layout_loops_ring, led_sif_book, uniq_blork_the_orc
D:7:      layout_cave_pools, minmay_temple_entry_stoned_glass,
          nrook_mini_vaults, hangedman_decor_riveting, skrybe_limestone_x,
          grunt_ogre_cave, uniq_prince_ribbit1
D:8:      layout_loops_ring, nicolae_ru_path_of_blood, lair_entry_dummy,
          ebering_ghost_gozag
D:9:      layout_rooms, serial_shops, nicolae_shop_stone,
          minmay_gold_behind_fungi, serial_bayou_ford_a, nicolae_two_hexagons,
          nicolae_looking_at_the_future
D:10:     layout_basic, basic_altar
Temple:   compressed_dpeg_circular_temple
Lair:1:   layout_gridlike, grunt_megastairs_3
Lair:2:   layout_long_grid, shoals_dummy_entry
Lair:3:   layout_small_grid, chequers_serial_rivers_micro_a,
          cheibrodos_lair_reptile_den, grunt_megastairs_1
Lair:4:   layout_misc_corridors, spider_nest_entry_webs, lemuel_fruit_fields,
          serial_bayou_shore_a, minmay_lair_oklob_chamber, uniq_nessos
Lair:5:   layout_gridlike, slime_dummy, uniq_urug

Skill      XL: |  1  2  3  4  5  6  7  8  9 10 11 12 |
---------------+-------------------------------------+-----
Long Blades    | 2 3 4 5 6 8 9 10 | 10.6
Armour         | 3 4 5 6 7 8 9 |  9.2
Shields        | 3 4 5 6 7 8 |  8.3
Dodging        | 1 2 |  2.2
Fighting       | 4 5 6 7 8 |  8.5
Invocations    | 4 6 8 9 |  9.4
Evocations     | 1 |  1.1

Action                   |  1- 3 |  4- 6 |  7- 9 | 10-12 || total
-------------------------+-------+-------+-------+-------++-------
Melee: Long sword        |   108 |    85 |   429 |   483 ||  1105
       Headbutt          |     6 |    12 |    83 |    98 ||   199
Invok: Lesser Servant of |       |       |       |     2 ||     2
       Minor Destruction |       |       |       |     2 ||     2
       Major Destruction |       |       |       |     1 ||     1
Evoke: Wand              |       |       |       |     6 ||     6
  Use: Scroll            |       |       |    14 |     8 ||    22
       Potion            |       |       |     3 |     5 ||     8
 Stab: Distracted        |       |       |     1 |       ||     1
  Eat: Chunk             |     3 |     5 |    37 |    18 ||    63
       Ration            |       |       |     1 |       ||     1
Armor: Scale mail        |    80 |    30 |       |       ||   110
       Chain mail        |       |     9 |   128 |   305 ||   442
       Plate armour      |       |       |   101 |       ||   101
Dodge: Dodged            |    34 |    19 |    75 |   165 ||   293
Block: Shield            |    66 |    42 |   181 |   272 ||   561
       Rpst.: Long sword |    13 |     7 |    21 |    44 ||    85

Table legend:
 A = Non-vault XP
 B = Vault XP
 C = Vault XP percentage of total XP
 D = Non-vault monster count
 E = Vault monster count
 F = Vault count percentage of total count
                 A         B        C        D         E       F
            +---------+---------+-------+---------+---------+-------
      Total |   17862 |    7863 |  30.6 |     267 |      48 |  15.2
            +---------+---------+-------+---------+---------+-------
        D:1 |      36 |       0 |   0.0 |      21 |       0 |   0.0
        D:2 |      20 |       0 |   0.0 |      10 |       0 |   0.0
        D:3 |     110 |       0 |   0.0 |      20 |       0 |   0.0
        D:4 |     198 |     615 |  75.6 |      11 |       7 |  38.9
        D:5 |     691 |       0 |   0.0 |      22 |       0 |   0.0
        D:6 |     285 |      54 |  15.9 |       7 |       1 |  12.5
        D:7 |    1094 |     313 |  22.2 |      34 |       2 |   5.6
        D:8 |    1181 |    1029 |  46.6 |      39 |       4 |   9.3
        D:9 |    1361 |     568 |  29.4 |      25 |      10 |  28.6
       D:10 |    2019 |       0 |   0.0 |      19 |       0 |   0.0
     Lair:1 |    2051 |    1353 |  39.7 |       9 |       9 |  50.0
     Lair:2 |    2489 |       0 |   0.0 |      17 |       0 |   0.0
     Lair:3 |    2307 |     788 |  25.5 |      10 |       4 |  28.6
     Lair:4 |    4020 |    3143 |  43.9 |      23 |      11 |  32.4
            +---------+---------+-------+---------+---------+-------
